 Dungeon Crawl Stone Soup version 0.17.0-17-ge4ba49f (console) character file.

0 Garrluk the Shield-Bearer (level 1, 20/20 HPs)
             Began as a Deep Dwarf Fighter on Nov 11, 2015.
             Got out of the dungeon alive.
             The game lasted 00:00:21 (34 turns).

Garrluk the Shield-Bearer (Deep Dwarf Fighter)        Turns: 34, Time: 00:00:21

Health: 20/20      AC:  6    Str: 19    XL:     1   Next: 8%
Magic:  1/1        EV:  7    Int:  8    God:
Gold:   0          SH:  9    Dex: 12    Spells: 0 memorised, 0 levels left

rFire  . . .     SeeInvis .     a - +0 war axe
rCold  . . .     Clarity  .     b - +0 scale mail
rNeg   . . .     SustAt   .     c - +0 shield
rPois  .         Gourm    .     (no helmet)
rElec  .         Spirit   .     (no cloak)
rCorr  .         Warding  .     (no gloves)
rMut   .         Stasis   .     (no boots)
MR     .....                    (no amulet)
Stlth  ..........               (no ring)
                                (no ring)

@: non-regenerating, not resistant to hostile enchantments, extremely unstealthy
A: damage resistance, recharge devices, sense surroundings 1, slow regeneration
3
a: Device Recharging


You escaped.
You were not hungry.

You visited 1 branch of the dungeon, and saw 1 of its levels.

Notes
Turn   | Place    | Note
--------------------------------------------------------------
     0 | D:1      | Garrluk the Deep Dwarf Fighter began the quest for the Orb.
     0 | D:1      | Reached XP level 1. HP: 20/20 MP: 1/1
    34 | D:$      | Got out of the dungeon alive.

Inventory:

Hand Weapons
 a - a +0 war axe (weapon)
Armour
 b - a +0 scale mail (worn)
 c - a +0 shield (worn)
Wands
 e - a wand of heal wounds (5)
Scrolls
 g - a scroll of remove curse {unknown}
Potions
 d - a potion of might
Comestibles
 f - a bread ration

Table legend:
 A = Turns spent in this place as a percentage of turns spent in the entire game.
 B = Non-inter-level travel turns spent in this place as a percentage of non-inter-level travel turns spent in the entire game.
 C = Inter-level travel turns spent in this place as a percentage of turns spent in this place.
 D = Turns resting spent in this place as a percentage of non-inter-level travel turns spent in this place.
 E = Turns spent auto-exploring this place as a percentage of non-inter-level travel turns spent in this place.
 F = Non-inter-level travel turns spent in this place divided by the number of levels of this place that you've seen.
                   A       B       C       D       E      F
               +-------+-------+-------+-------+-------+----------------------
         Total | 100.0 | 100.0 |   0.0 |   0.0 |   4.0 |  25.0
       Dungeon | 100.0 | 100.0 |   0.0 |   0.0 |   4.0 |  25.0
               +-------+-------+-------+-------+-------+----------------------


   Skills:
 - Level 2.6 Fighting
 - Level 2.2 Axes
 - Level 3.2 Armour
 - Level 3.2 Shields
 + Level 0.0 Spellcasting


You couldn't memorise any spells.
You didn't know any spells.

Dungeon Overview and Level Annotations

Branches:
Dungeon (1/15)

Altars:


Innate Abilities, Weirdness & Mutations

You are resistant to damage.
You can recharge devices by infusing magical energy.
You passively map a small area around you.
You do not regenerate naturally.


Message History

Found a staircase leading out of the dungeon.
A bat comes into view.
The bat closely misses you.
You see here a scroll labeled BUAFRE ZEAWA.
You block the bat's attack.
You miss the bat. The bat barely misses you. The bat barely misses you.
The bat hits you but does no damage. The bat hits you but does no damage.
You barely miss the bat. You block the bat's attack.
You block the bat's attack.
You closely miss the bat. The bat closely misses you.
The bat hits you but does no damage. The bat barely misses you.
You block the bat's attack.
Your shield and scale mail prevent you from hitting the bat.
You block the bat's attack. The bat closely misses you.
You miss the bat. You block the bat's attack. The bat closely misses you.
You barely miss the bat. You block the bat's attack. The bat barely misses you.
You slash the bat!
You kill the bat!
g - a scroll labeled BUAFRE ZEAWA
There is a staircase leading out of the dungeon here.
Are you sure you want to leave the Dungeon?
This will make you lose the game!
You have escaped!

### ##@## #)..###
##.....## #.......###
#.........##
#..........###
#......8......##
#.....##.......#
#.....##.....#.######
#.....8......#.......
##.............#...,


There were no monsters in sight!

Table legend:
 A = Kills in this place as a percentage of kills in entire the game.
 B = Kills by you in this place as a percentage of kills by you in the entire game.
 C = Kills by friends in this place as a percentage of kills by friends in the entire game.
 D = Other kills in this place as a percentage of other kills in the entire game.
 E = Experience gained in this place as a percentage of experience gained in the entire game.
 F = Experience gained in this place divided by the number of levels of this place that you have seen.
                   A       B       C       D       E      F
               +-------+-------+-------+-------+-------+----------------------
         Total | 100.0 | 100.0 |  -nan |  -nan | 100.0 |   1.0
       Dungeon | 100.0 | 100.0 |  -nan |  -nan | 100.0 |   1.0
               +-------+-------+-------+-------+-------+----------------------

Vanquished Creatures
  Monster Symbol All 'b'
  A bat (D:1)
1 creature vanquished.
1 creature vanquished. Monster Nature Natural Monsters A bat (D:1)
1 creature vanquished.
1 creature vanquished. Ascending Order A bat (D:1)
1 creature vanquished.

Action                   || total
-------------------------++-------
Melee: War axe           ||     7
